 Dungeon Crawl Stone Soup version 0.26.0-20-g3ca415f5b8 (webtiles) character file.

Game seed: 12099911229217421654

2531 prey the Fighter (level 9, -5/84 HPs)
             Began as a Minotaur Berserker on Jan 26, 2021.
             Was an Elder of Trog.
             Slain by an orc warrior
             ... wielding a +0 flail
              (20 damage)
             ... on level 7 of the Dungeon.
             The game lasted 00:32:56 (5619 turns).

prey the Fighter (Minotaur Berserker)               Turns: 5619, Time: 00:32:56

Health: -5/84      AC:  9    Str: 22    XL:     9   Next: 30%
Magic:  8/8        EV: 14    Int:  6    God:    Trog [****..]
Gold:   287        SH:  5    Dex: 17    Spells: 8/8 levels left

rFire    . . .     SeeInvis .   m - +1 war axe (venom)
rCold    . . .     Faith    .   b - +0 buckler
rNeg     . . .     Spirit   .   v - +0 scale mail
rPois    .         Reflect  .   (helmet restricted)
rElec    .         Harm     .   (no cloak)
rCorr    .         Rampage  .   n - +0 pair of gloves
Will     .....                  (no boots)
Stlth    ..........             (no amulet)
HPRegen  0.24/turn              e - ring of attention (curse)
MPRegen  0.11/turn              l - +6 ring of dexterity

@: lethally poisoned (-5 -> -7)
A: retaliatory headbutt, horns 2
a: Renounce Religion, Berserk, Trog's Hand, Brothers in Arms


You were on level 7 of the Dungeon.
You worshipped Trog.
Trog was greatly pleased with you.
You visited 1 branch of the dungeon, and saw 8 of its levels.

You collected 287 gold pieces.

Inventory:

Hand Weapons
 a - the +6 quarterstaff "Baphad" {drain, Str-4 Dex+5}
   (You found it on level 5 of the Dungeon)

   A truly terrible weapon, it drains the life of those it strikes.
   It affects your strength (-4).
   It affects your dexterity (+5).
 m - a +1 war axe of venom (weapon)
 w - a +0 rapier
 y - a +2 flail of distortion
 B - a +0 morningstar
 E - a +0 dagger of draining
 G - a +0 hunting sling
 H - a +3 quarterstaff
Missiles
 q - 23 sling bullets
Armour
 b - a +0 buckler (worn)
 n - a +0 pair of gloves (worn)
 v - a +0 scale mail (worn)
Jewellery
 e - a cursed ring of attention (left hand)
 l - a +6 ring of dexterity (right hand)
 I - an uncursed amulet of faith
Wands
 A - a wand of random effects (17)
Scrolls
 d - 4 scrolls of fog {unknown}
 f - 10 scrolls of identify
 i - a scroll of magic mapping {unknown}
 j - 3 scrolls of remove curse {unknown}
 k - a scroll of immolation {unknown}
 r - a scroll of enchant armour {unknown}
 s - 3 scrolls of amnesia {unknown}
 t - 3 scrolls of blinking {unknown}
 x - 2 scrolls of teleportation {unknown}
Potions
 c - 2 potions of ambrosia
 g - 2 potions of magic {unknown}
 h - 7 potions of curing
 o - a potion of attraction {unknown}
 p - 3 potions of haste {unknown}
 u - 3 potions of berserk rage {unknown}
 z - a potion of resistance {unknown}
 C - a potion of mutation {unknown}
 D - 2 potions of lignification {unknown}
 F - a potion of heal wounds {unknown}


   Skills:
 * Level 9.5 Fighting
 - Level 4.4 Long Blades
 + Level 3.5 Axes
 - Level 1.4 Throwing
 * Level 8.9 Armour
 - Level 6.0 Dodging
 + Level 3.5 Shields


You had 8 spell levels left.
You didn't know any spells.
Your spell library was empty.

Dungeon Overview and Level Annotations

Branches:
Dungeon (8/15)             Temple (0/1) D:5
   Lair: D:8-11

Altars:
Elyvilon
Fedhas
Okawaru
Qazlal
Ru
Sif Muna
Trog


Innate Abilities, Weirdness & Mutations

You reflexively headbutt those who attack you in melee.
You have a pair of horns on your head.


Message History

The killer bee is almost dead.
You hit the orc warrior.
The orc warrior looks as sick as possible!
You feel sick. The killer bee misses you. You block the killer bee's attack.
The killer bee stings you but does no damage.
You slash the killer bee!
You kill the killer bee!
Trog accepts your kill.
You hit the bullfrog but do no damage.
You hit the orc warrior but do no damage.
You feel sick.
The bullfrog hits you but does no damage.
The orc warrior closely misses you. The bullfrog hits you.
* * * LOW HITPOINT WARNING * * *
You hit the orc warrior.
The orc warrior looks as sick as possible!
The orc warrior is heavily wounded.
You miss the bullfrog. You block the bullfrog's attack.
The orc warrior hits you with a +0 flail!!
You die...

#............#
#..###+###...# #..
##...# #.r. #....#
+..y +....# #.y.
#....# . ##+#
###..#######...
...###..##o.......
.........rF@.......
........oo#†.......
..........#........
..........#........
..........#........
#...#######........
#... ......### .F
......#


You could see an orc warrior (extremely poisoned), a bullfrog, 2 orcs and a
quokka.

Vanquished Creatures
  The ghost of Gadfly the Skirmisher, an amateur OgMo (D:3)
  A troll (D:6)
  Grinder (D:5)
  A wyvern (D:8)
  Edmund (D:4)
  Duvessa (D:6)
  2 sky beasts (D:5)
  An ogre (D:6)
  2 phantoms
  A centaur (D:6)
  Blork the orc (D:5)
  A bullfrog (D:6)
  Dowan (D:6)
  2 scorpions (D:4)
  5 killer bees (D:7)
  2 hounds
  2 orc priests (D:8)
  4 orc wizards
  An iguana (D:6)
  3 worker ants (D:6)
  A hound zombie (D:6)
  6 adders
  A howler monkey skeleton (D:5)
  An ooze (D:4)
  2 adder skeletons
  3 worms
  2 dart slugs
  A leopard gecko (D:3)
  13 orcs
  A ball python (D:5)
  6 giant cockroaches
  5 goblins
  8 hobgoblins
  3 jackals (D:1)
  6 kobolds
  A quokka (D:4)
  10 bats
  2 frilled lizards
  A leopard gecko skeleton (D:6)
  A leopard gecko zombie (D:3)
  14 rats
122 creatures vanquished.

Notes
Turn   | Place    | Note
-------+----------+-------------------------------------------
     0 | D:1      | prey the Minotaur Berserker began the quest for the Orb.
     0 | D:1      | Reached XP level 1. HP: 19/19 MP: 0/0
   154 | D:1      | Reached XP level 2. HP: 27/27 MP: 1/1
   176 | D:1      | Reached skill level 4 in Fighting
   539 | D:1      | Reached XP level 3. HP: 33/33 MP: 2/2
  1176 | D:2      | Reached ** piety under Trog
  1585 | D:2      | Found a sacrificial altar of Ru.
  2100 | D:3      | Noticed Gadfly's ghost (amateur OgMo)
  2352 | D:3      | Found a transporter.
  2372 | D:3      | Reached XP level 4. HP: 41/41 MP: 3/3
  2544 | D:3      | Found a shimmering blue altar of Sif Muna.
  2616 | D:3      | Found a transporter.
  2783 | D:3      | Killed Gadfly's ghost
  2784 | D:3      | Reached skill level 5 in Fighting
  2784 | D:3      | Reached skill level 5 in Armour
  2784 | D:3      | Reached XP level 5. HP: 50/50 MP: 4/4
  2784 | D:3      | Reached XP level 6. HP: 57/57 MP: 5/5
  2868 | D:4      | Reached skill level 6 in Fighting
  3038 | D:4      | Found a white marble altar of Elyvilon.
  3043 | D:4      | Noticed Edmund
  3054 | D:4      | Killed Edmund
  3184 | D:4      | Reached XP level 7. HP: 45/64 MP: 6/6
  3898 | D:5      | Entered Level 5 of the Dungeon
  3898 | D:5      | Noticed Grinder
  3901 | D:5      | Found a staircase to the Ecumenical Temple.
  3914 | D:5      | Killed Grinder
  3915 | D:5      | Reached skill level 7 in Fighting
  3915 | D:5      | Reached skill level 1 in Throwing
  4467 | D:5      | Got a smoking quarterstaff
  4478 | D:5      | Identified the +6 quarterstaff "Baphad" {drain, Str-4
                  | Dex+5} (You found it on level 5 of the Dungeon)
  4501 | D:5      | Reached XP level 8. HP: 74/74 MP: 7/7
  4506 | D:5      | Noticed a moth of wrath
  4509 | D:5      | Found a bloodstained altar of Trog.
  4523 | D:5      | Reached *** piety under Trog
  4692 | D:5      | Found a blossoming altar of Fedhas.
  4727 | D:5      | Noticed Blork the orc
  4732 | D:5      | Killed Blork the orc
  4868 | D:6      | Reached skill level 1 in Axes
  4874 | D:6      | Noticed Duvessa
  4875 | D:6      | Noticed Dowan
  4888 | D:6      | Reached skill level 8 in Fighting
  4888 | D:6      | Reached skill level 5 in Dodging
  4888 | D:6      | Reached skill level 1 in Shields
  4893 | D:6      | Killed Duvessa
  4904 | D:6      | Killed Dowan
  5230 | D:6      | Noticed a troll
  5236 | D:6      | Killed a troll
  5269 | D:6      | Found a stormy altar of Qazlal.
  5286 | D:6      | Reached skill level 9 in Fighting
  5324 | D:6      | You fall into a shaft and drop 2 floors!
  5324 | D:8      | Found an iron altar of Okawaru.
  5382 | D:8      | Reached XP level 9. HP: 76/83 MP: 8/8
  5550 | D:8      | Reached **** piety under Trog
  5619 | D:7      | Slain by an orc warrior

Illustrated notes

Levels and vault maps discovered:
D:1:      dpeg_arrival_rhombi, layout_loops_ring
D:2:      layout_basic, overflow_temple_1_default
D:3:      layout_basic, general_overflow_altar, gammafunk_ghost_arena,
          chequers_garden
D:4:      layout_loops_ring, elyvilon_altar_4, uniq_edmund
D:5:      layout_cave_pools, marbit_many_paths, tgw_trog,
          minmay_temple_entry_mist, uniq_grinder, uniq_blork_the_orc
D:6:      layout_basic, nicolae_overflow_crystal_walls, old_standard_altar,
          uniq_duvessa
D:7:      layout_gridville, kennysheep_vampire_church, basic_altar,
          nicolae_dithmenos_shadow_blocks, uniq_joseph
D:8:      lemuel_slime, layout_layer_cave, lemuel_crystal_altar

Skill      XL: |  1  2  3  4  5  6  7  8  9 |
---------------+----------------------------+-----
Long Blades    | 4 |  4.4
Fighting       | 4 5 6 7 9 |  9.5
Armour         | 3 5 6 8 |  8.9
Dodging        | 3 4 5 6 |  6.0
Throwing       | 1 |  1.4
Axes           | 3 |  3.5
Shields        | 3 |  3.5

Action                   |  1- 3 |  4- 6 |  7- 9 || total
-------------------------+-------+-------+-------++-------
Melee: Falchion          |    86 |     4 |       ||    90
       Headbutt          |    14 |    13 |    30 ||    57
       Rapier            |       |    63 |    33 ||    96
       Quarterstaff      |       |       |    11 ||    11
       War axe           |       |       |    90 ||    90
Throw: Javelin           |       |     3 |       ||     3
Invok: Berserk           |       |     1 |     3 ||     4
  Use: Scroll            |       |       |     1 ||     1
       Potion            |       |       |     1 ||     1
Armor: Animal skin       |    15 |       |       ||    15
       Ring mail         |     7 |       |       ||     7
       Scale mail        |       |    33 |    50 ||    83
Dodge: Dodged            |    54 |    43 |   114 ||   211
Block: Buckler           |       |       |    31 ||    31
       Rpst.: Falchion   |    18 |       |       ||    18
